 Dungeon Crawl Stone Soup version 0.27-a0-1219-g958d993ae5 (webtiles) character file.

Game seed: 10958399615999902697

96 patchburns1 the Magician (level 4, -1/33 HPs)
             Began as a Djinni Hedge Wizard on June 7, 2021.
             Killed from afar by an orc wizard (2 damage)
             ... with a puff of flame
             ... on level 2 of the Dungeon.
             The game lasted 00:13:57 (3087 turns).

patchburns1 the Magician (Djinni Hedge Wizard)      Turns: 3087, Time: 00:13:58

Health: -1/33      AC:  2    Str:  9    XL:     4   Next: 98%
Gold:   71         EV: 12    Int: 16    God:
                   SH:  0    Dex: 13

rFire    + + .     SeeInvis .   a - +0 dagger
rCold    x . .     Faith    .   (no shield)
rNeg     . . .     Spirit   .   b - +0 robe
rPois    ∞         Reflect  .   c - +0 hat
rElec    .         Harm     .   (no cloak)
rCorr    .         Rampage  .   (no gloves)
Will     .....                  (boots unavailable)
Stlth    ++........             (no amulet)
HPRegen  0.11/turn              (no ring)
MPRegen  0.00/turn              (no ring)

@: flying
A: sickness immunity, fire resistance 2, cold vulnerability 1, float, innate
caster, hp casting, extra vitality 1
a: no special abilities


You were on level 2 of the Dungeon.
You visited 1 branch of the dungeon, and saw 3 of its levels.

You collected 71 gold pieces.

Inventory:

Hand Weapons
 a - a +0 dagger (weapon)
Missiles
 g - 6 poisoned darts
 h - 78 bolts
 j - 71 stones
Armour
 b - a +0 robe (worn)
 c - a +0 hat (worn)
Jewellery
 f - a ring of wizardry
Scrolls
 d - 3 scrolls of teleportation {unknown}
 e - a scroll of identify {unknown}
 i - a scroll of immolation {unknown}
 l - a scroll of holy word {unknown}
 m - a scroll of enchant armour {unknown}
Potions
 k - a potion of cancellation {unknown}


   Skills:
 * Level 1.9 Fighting
 - Level 1.0 Armour
 + Level 2.6 Dodging
 + Level 2.0 Stealth
 * Level 3.2 Spellcasting


You couldn't memorise any spells.
You knew the following spells:

 Your Spells              Type           Power      Damage    Failure   Level
a - Magic Dart            Conj           48%        1d5       4%          1
b - Blink                 Tloc           N/A        N/A       8%          2
c - Call Imp              Summ           12%        N/A       8%          2
d - Slow                  Hex            12%        N/A       8%          2
e - Conjure Flame         Conj/Fire      12%        6-21      14%         3
f - Mephitic Cloud        Conj/Pois/Air  12%        N/A       14%         3
g - Sting                 Tmut/Pois      48%        1d5       4%          1
Your spell library was empty.

Dungeon Overview and Level Annotations

Branches:
Dungeon (3/15)

Altars:
Ru

Shops:
D:1 *


Innate Abilities, Weirdness & Mutations

You are immune to sickness and miasma.
You are immune to poison.
Your flesh is very heat resistant. (rF++)
You are vulnerable to cold. (rC-)
You float through the air rather than walking.
You learn spells naturally, not from books.
Your magical power is your life essence.
You have superior vitality. (+4 HP)


Message History

The magic dart hits you.
* * * LOW HITPOINT WARNING * * *
A puff of flame appears from out of thin air!
The puff of flame misses you.
You are confused.
You bump into the rock wall.
You bump into the rock wall.
Okay, then.
You're too confused to move!
You're too confused to cast spells.
You're too confused to move!
You feel less confused.
You hear some strange, mumbled words.
A puff of flame appears from out of thin air!
The puff of flame misses you.
An orc wizard appears from thin air!
Reactivating autopickup.
There is a stone staircase leading up here.
The orc wizard casts a spell at you.
You are confused.
You bump into the rock wall.
You bump into the rock wall.
The orc wizard hits you with a +0 dagger.
* * * LOW HITPOINT WARNING * * *
You bump into the rock wall.
The orc wizard hits you with a +0 dagger.
* * * LOW HITPOINT WARNING * * *
You bump into the rock wall.
You feel less confused.
The orc wizard mumbles some strange words.
The orc wizard flickers and vanishes!
Deactivating autopickup; reactivate with Ctrl-A.
You hear some strange, mumbled words.
Something tries to affect you, but you resist.
A magic dart appears from out of thin air!
The magic dart hits you.
* * * LOW HITPOINT WARNING * * *
A puff of flame appears from out of thin air!
The puff of flame hits you. You resist.
You die...

#.# ###.#...##.##
###.# #.##.###.##
#...# #.##.# #...
#.### #.##.# ####
#.# #.##.# #.#
#.##.# #.#
####.##.#
#.########>##.##.#
#.{...@..........#
##########.##...##
######.# #.# #.#
#.# #.# ### #.###
#.. #...# #.#


There were no monsters in sight!

Vanquished Creatures
  An orc priest (D:3)
  2 adders (D:2)
  2 orcs (D:3)
  4 ball pythons
  3 bats
  5 endoplasms
  9 goblins
  9 jackals
  2 quokkas (D:2)
  4 frilled lizards
  2 kobolds (D:2)
  A rat (D:2)
44 creatures vanquished.

Notes
Turn   | Place    | Note
-------+----------+-------------------------------------------
     0 | D:1      | patchburns1 the Djinni Hedge Wizard began the quest for the
                  | Orb.
     0 | D:1      | Reached XP level 1. HP: 15/15 MP: 0/0
    31 | D:1      | Found a faded altar of an unknown god.
   378 | D:1      | Reached XP level 2. HP: 15/21 MP: 0/0
  1237 | D:1      | Reached XP level 3. HP: 9/26 MP: 0/0
  1237 | D:1      | Learned a level 1 spell: Sting
  1481 | D:1      | Found Hotecul's Assorted Antiques.
  1997 | D:2      | Reached skill level 3 in Spellcasting
  1999 | D:2      | Reached skill level 1 in Fighting
  2265 | D:2      | Reached XP level 4. HP: 29/32 MP: 0/0
  2579 | D:2      | Found a sacrificial altar of Ru.
  2696 | D:2      | Reached skill level 1 in Armour
  3086 | D:2      | HP: 1/33 [something/magic dart (6)]
  3087 | D:2      | Killed from afar by an orc wizard

Illustrated notes

Levels and vault maps discovered:
D:1:      dpeg_arrival_rooms_a, layout_rooms,
          ebering_ecumenical_altar_petrified, serial_shops, shop,
          kennysheep_decorative_pillar, minmay_misc_feat_room
D:2:      layout_loops_ring, basic_altar
D:3:      layout_loops_ring, amcnicky_altar_gilded, serial_shops, shop,
          dk_vineyard_3, uniq_grinder

Skill      XL: |  1  2  3  4 |
---------------+-------------+-----
Spellcasting   | 3 |  3.2
Fighting       | 1 |  1.9
Armour         | 1 |  1.0
Stealth        | 2 |  2.0
Dodging        | |  2.6

Action                   |  1- 3 |  4- 6 || total
-------------------------+-------+-------++-------
Melee: Dagger            |     6 |       ||     6
 Cast: Magic Dart        |    78 |    32 ||   110
       Call Imp          |       |     1 ||     1
Armor: Robe              |     2 |     2 ||     4
Dodge: Dodged            |    13 |    14 ||    27

Table legend: (Time is in decaauts)
 A = Elapsed time spent in this place.
 B = Non-inter-level travel time spent in this place.
 C = Inter-level travel time spent in this place.
 D = Time resting spent in this place.
 E = Time spent auto-exploring this place.
 F = Levels seen in this place.
 G = Mean time per level.
                   A        B        C        D        E       F      G
               +--------+--------+--------+--------+--------+-----+--------+
         Total |   3087 |   3067 |     20 |    539 |   2068 |   3 | 1029.0 |
       Dungeon |   3087 |   3067 |     20 |    539 |   2068 |   3 | 1029.0 |
               +--------+--------+--------+--------+--------+-----+--------+

Top non-repeatable levels by time:
     D:1: 1635 daAuts
     D:2: 1302 daAuts
     D:3: 149 daAuts
